[Event "ICC tourney 2056 (3 2)"]
[Site "Internet Chess Club"]
[Date "2020.10.12"]
[Round "6"]
[White "gbassman77"]
[Black "danaglin"]
[Result "0-1"]
[ICCResult "White resigns"]
[WhiteElo "1318"]
[BlackElo "1213"]
[Opening "Grünfeld with Bf4 & e3"]
[ECO "D93"]
[NIC "GI.07"]
[Time "20:10:53"]
[TimeControl "180+2"]

1. d4 Nf6 2. c4 g6 3. Nf3 Bg7 4. Nc3 d5 5. Bf4 O-O 6. e3 dxc4 7. Bxc4 c5 8.
dxc5 Qa5 9. O-O Qxc5 10. Bb3 Nc6 11. Rc1 Rd8 12. Qe2 Bg4 13. h3 Bf5 14. Nd5
Qa5 15. Bc7 Qa6 16. Bxd8 Qxe2 17. Nxf6+ Bxf6 18. Bc7 Be4 19. Rfd1 Bxf3 20.
gxf3 Qxf3 21. Kh2 Qxf2+ 22. Kh1 Qxe3 23. Re1 Qxh3+ {White resigns} 0-1

[Event "ICC tourney 2056 (3 2)"]
[Site "Internet Chess Club"]
[Date "2020.10.12"]
[Round "6"]
[White "pika0008"]
[Black "maddieweber789"]
[Result "1-0"]
[ICCResult "Black resigns"]
[WhiteElo "1393"]
[BlackElo "1483"]
[Opening "English opening: Agincourt variation"]
[ECO "A13"]
[NIC "QP.11"]
[Time "20:11:28"]
[TimeControl "180+2"]

1. Nf3 e6 2. c4 d5 3. e3 Nf6 4. b3 Be7 5. Bb2 c5 6. Qc2 Nc6 7. cxd5 exd5 8.
d4 cxd4 9. exd4 O-O 10. Be2 Bb4+ 11. Bc3 Bxc3+ 12. Nxc3 Nb4 13. Qd2 Bf5 14.
O-O Re8 15. Rac1 Rc8 16. Rfe1 Ne4 17. Nxe4 dxe4 18. Qxb4 exf3 19. Bxf3 Rxc1
20. Rxc1 b6 21. Qd2 h6 22. d5 Be4 23. Bxe4 Rxe4 24. d6 Re6 25. d7 Kh7 26. h3
Re7 27. Rd1 g6 28. Qd6 Kg7 29. Qc6 f6 30. Qc8 Rxd7 31. Qxd7+ Qxd7 32. Rxd7+
Kf8 33. Rxa7 {Black resigns} 1-0

[Event "ICC tourney 2056 (3 2)"]
[Site "Internet Chess Club"]
[Date "2020.10.12"]
[Round "6"]
[White "javasri"]
[Black "Atomic-Player"]
[Result "1-0"]
[ICCResult "Black checkmated"]
[WhiteElo "1667"]
[BlackElo "1512"]
[Opening "Ruy Lopez: Berlin defense"]
[ECO "C65"]
[NIC "RL.07"]
[Time "20:11:42"]
[TimeControl "180+2"]

1. e4 e5 2. Nf3 Nc6 3. Bb5 Nf6 4. d3 d6 5. O-O Be7 6. Nc3 O-O 7. Be3 a6 8.
Bc4 Ng4 9. Bd2 Nf6 10. h3 Be6 11. Re1 Nd4 12. Nxd4 exd4 13. Ne2 c5 14. Nf4
Bxc4 15. dxc4 Nd7 16. b3 Ne5 17. Nd5 Bg5 18. f4 Bh4 19. fxe5 Bxe1 20. Qxe1
dxe5 21. Qg3 f6 22. Rf1 Kh8 23. h4 Qd7 24. h5 h6 25. Nb6 Qc7 26. Nxa8 Rxa8
27. a4 b5 28. axb5 axb5 29. cxb5 Qb6 30. Qg6 Ra7 31. Bxh6 gxh6 32. Qxh6+ Kg8
33. Rxf6 Qd8 34. Rg6+ Kf7 35. Qh7+ Ke8 36. Rg8# {Black checkmated} 1-0

[Event "ICC tourney 2056 (3 2)"]
[Site "Internet Chess Club"]
[Date "2020.10.12"]
[Round "6"]
[White "Knightboy123"]
[Black "blackjack721"]
[Result "1-0"]
[ICCResult "Black checkmated"]
[WhiteElo "1351"]
[BlackElo "1300"]
[Opening "Petrov three knights game"]
[ECO "C42"]
[NIC "RG.01"]
[Time "20:10:47"]
[TimeControl "180+2"]

1. e4 e5 2. Nf3 Nf6 3. Nc3 Bc5 4. Bc4 d6 5. d3 Bg4 6. h3 Bh5 7. Bg5 Nbd7 8.
O-O h6 9. Bh4 g5 10. Bg3 g4 11. hxg4 Nxg4 12. Bh4 f6 13. Nd5 c6 14. Nc3 Qe7
15. Nh2 Qg7 16. Nxg4 Bxg4 17. Ne2 O-O-O 18. Qd2 Bf3 19. Bg3 h5 20. gxf3 h4
21. Kg2 hxg3 22. Nxg3 Rh6 23. Rh1 Rg6 24. Be6 Kc7 25. Bxd7 Kxd7 26. Rh3 d5
27. Rah1 Bd6 28. Rh7 Qxh7 29. Rxh7+ Kc8 30. Rh6 Rg5 31. Rxf6 Rg7 32. Qh6 Bf8
33. Rxf8 Rxf8 34. Qxg7 Re8 35. Nf5 dxe4 36. Nd6+ Kd8 37. Nxb7+ Kc8 38. Nd6+
Kd8 39. Nxe8 exf3+ 40. Kxf3 Kxe8 41. Qxe5+ Kd7 42. Qd4+ Kc7 43. Qxa7+ Kd6
44. Ke4 c5 45. f4 Kc6 46. f5 Kb5 47. f6 c4 48. f7 cxd3 49. f8=Q dxc2 50.
Qfc5# {Black checkmated} 1-0

[Event "ICC tourney 2056 (3 2)"]
[Site "Internet Chess Club"]
[Date "2020.10.12"]
[Round "6"]
[White "pescadilla"]
[Black "stephenwilly"]
[Result "0-1"]
[ICCResult "White checkmated"]
[WhiteElo "1695"]
[BlackElo "1514"]
[Opening "QGD semi-Slav"]
[ECO "D43"]
[NIC "QO.16"]
[Time "20:10:52"]
[TimeControl "180+2"]

1. d4 d5 2. c4 e6 3. Nc3 Nf6 4. Nf3 c6 5. h3 Bb4 6. Qb3 Ba5 7. Bd2 dxc4 8.
Qxc4 b5 9. Qd3 Na6 10. a3 b4 11. Ne4 Nd5 12. Rc1 Bb7 13. Nc5 Nxc5 14. Rxc5
Bb6 15. Rc1 bxa3 16. bxa3 Rc8 17. e4 Nf6 18. Be2 O-O 19. O-O Nd7 20. e5 c5
21. Bg5 Qc7 22. Be7 Rfe8 23. Bd6 Qd8 24. Rfd1 c4 25. Qc2 Bd5 26. h4 Bc7 27.
Ng5 g6 28. Bb4 a5 29. Bd2 Nf8 30. Ne4 Nd7 31. g3 Bb6 32. Bg5 Qc7 33. Nd6 f6
34. Nxe8 Rxe8 35. exf6 e5 36. dxe5 Qxe5 37. Bxc4 Qxg3+ 38. Kf1 Qg2#
{White checkmated}
0-1

[Event "ICC tourney 2056 (3 2)"]
[Site "Internet Chess Club"]
[Date "2020.10.12"]
[Round "6"]
[White "BreatheChessAls"]
[Black "ekanshmehrotra"]
[Result "1-0"]
[ICCResult "Black resigns"]
[WhiteElo "1628"]
[BlackElo "1489"]
[Opening "Queen's pawn: London system"]
[ECO "A45"]
[NIC "QP.07"]
[Time "20:11:42"]
[TimeControl "180+2"]

1. d4 Nf6 2. Bf4 d5 3. e3 c5 4. c3 Nc6 5. Nd2 e6 6. Ngf3 Bd6 7. Bg3 O-O 8.
Bd3 c4 9. Be2 b5 10. O-O a5 11. Qc2 b4 12. e4 dxe4 13. Nxe4 Nxe4 14. Qxe4
Bxg3 15. hxg3 Bd7 16. Bxc4 bxc3 17. bxc3 Rc8 18. Bd3 f5 19. Qe2 Qc7 20. Ng5
Rf6 21. f4 h6 22. Nf3 Rg6 23. Qf2 Qd6 24. Ne5 Nxe5 25. fxe5 Qd5 26. c4 Qb7
27. Rab1 Qa6 28. Qe3 Bc6 29. d5 Ba8 30. dxe6 Qc6 31. Rf2 Qxe6 32. Bxf5 Qc6
33. Bxg6 Qxg6 34. Rbf1 Qc6 35. e6 Re8 36. e7 Qb7 37. Rf8+ Kh7 38. Qd3+ Qe4
39. Qxe4+ Bxe4 40. Rxe8 {Black resigns} 1-0

[Event "ICC tourney 2056 (3 2)"]
[Site "Internet Chess Club"]
[Date "2020.10.12"]
[Round "6"]
[White "pmchess98"]
[Black "steinutz"]
[Result "1-0"]
[ICCResult "Black checkmated"]
[WhiteElo "1408"]
[BlackElo "1491"]
[Opening "Scandinavian: Pytel-Wade variation"]
[ECO "B01"]
[NIC "SD.02"]
[Time "20:10:52"]
[TimeControl "180+2"]

1. e4 d5 2. exd5 Qxd5 3. Nc3 Qd6 4. d4 c6 5. Nf3 Nf6 6. Be2 Bf5 7. O-O e6 8.
Bg5 Be7 9. Nh4 Bg6 10. g3 Qc7 11. Bf4 Bd6 12. Bxd6 Qxd6 13. Bf3 Nbd7 14. Re1
O-O-O 15. a4 Kb8 16. Ne2 Nh5 17. Bg2 f5 18. c4 f4 19. c5 Qc7 20. Nxf4 Nxf4
21. gxf4 Qxf4 22. Nxg6 hxg6 23. h3 Nf6 24. Qf3 Qxd4 25. Rxe6 Qxb2 26. Ree1
Rhf8 27. Rab1 Qd4 28. Qxc6 Rd7 29. Rxb7+ Rxb7 30. Qxb7# {Black checkmated}
1-0

[Event "ICC tourney 2056 (3 2)"]
[Site "Internet Chess Club"]
[Date "2020.10.12"]
[Round "6"]
[White "HemingLiu"]
[Black "oxdidi"]
[Result "1-0"]
[ICCResult "Black resigns"]
[WhiteElo "1143"]
[BlackElo "1138"]
[Opening "Scotch game"]
[ECO "C45"]
[NIC "SO.04"]
[Time "20:11:38"]
[TimeControl "180+2"]

1. e4 e5 2. Nf3 Nc6 3. d4 exd4 4. Nxd4 Nxd4 5. Qxd4 Nf6 6. e5 Qe7 7. Be2 b6
8. exf6 gxf6 9. Nc3 Ba6 10. Be3 Bb7 11. O-O Rg8 12. Bg4 f5 13. Bh3 Bg7 14.
Qf4 Be5 15. Qxf5 O-O-O 16. Qxh7 Rg7 17. Qd3 Rdg8 18. g3 Qe6 19. Bxe6 fxe6
20. Bd4 Bf4 21. Bxg7 Rxg7 22. Ne2 Be5 23. Rfe1 Bxb2 24. Rab1 Ba3 25. Qxa3
{Black resigns}
1-0

[Event "ICC tourney 2056 (3 2)"]
[Site "Internet Chess Club"]
[Date "2020.10.12"]
[Round "6"]
[White "Kinawa"]
[Black "drabmolc"]
[Result "1-0"]
[ICCResult "Black resigns"]
[WhiteElo "1492"]
[BlackElo "1417"]
[Opening "Sicilian: Anderssen variation"]
[ECO "B41"]
[NIC "SI.41"]
[Time "20:11:18"]
[TimeControl "180+2"]

1. e4 c5 2. Nf3 e6 3. d4 cxd4 4. Nxd4 Nf6 5. Bd3 d6 6. c4 g6 7. Nc3 Bg7 8.
Be3 O-O 9. O-O Nc6 10. Bc2 Rb8 11. Qd2 Nxd4 12. Bxd4 b6 13. Be3 Bb7 14. Rad1
Ne8 15. Bf4 Rc8 16. b3 Bxc3 17. Qxc3 d5 18. Bh6 Qf6 19. Qxf6 Nxf6 20. Bxf8
Kxf8 21. e5 Nd7 22. f4 Rc7 23. Bd3 a6 24. Rf2 b5 25. cxb5 Nc5 26. Rc2 axb5
27. Bxb5 Na6 28. Rxc7 Nxc7 29. Bd3 Ke7 30. Rc1 Na8 31. Kf2 f6 32. exf6+ Kxf6
33. a4 e5 34. fxe5+ Kxe5 35. Ke2 d4 36. g3 Nb6 37. Rc7 Nd5 38. Rxb7
{Black resigns}
1-0

[Event "ICC tourney 2056 (3 2)"]
[Site "Internet Chess Club"]
[Date "2020.10.12"]
[Round "6"]
[White "KingPidgenYT"]
[Black "lucachesschess"]
[Result "0-1"]
[ICCResult "White checkmated"]
[WhiteElo "1411"]
[BlackElo "1532"]
[Opening "Bird: From gambit"]
[ECO "A02"]
[NIC "VO.07"]
[Time "20:11:42"]
[TimeControl "180+2"]

1. f4 e5 2. fxe5 d6 3. exd6 Bxd6 4. Nf3 Nf6 5. e3 Nc6 6. Bb5 Bd7 7. Bxc6
Bxc6 8. O-O O-O 9. b3 Ng4 10. h3 Bxf3 11. Rxf3 Qh4 12. hxg4 Qh2+ 13. Kf2 f5
14. gxf5 g6 15. e4 gxf5 16. exf5 Rae8 17. Bb2 Qh4+ 18. g3 Qh2+ 19. Kf1 Qh1+
20. Kf2 Qxd1 21. Rd3 Re2+ 22. Kf3 Qf1+ 23. Kg4 Qxf5+ 24. Kh4 Be7+ 25. Bf6
Bxf6# {White checkmated} 0-1

[Event "ICC tourney 2056 (3 2)"]
[Site "Internet Chess Club"]
[Date "2020.10.12"]
[Round "6"]
[White "Jett503"]
[Black "wildrumpus"]
[Result "0-1"]
[ICCResult "White checkmated"]
[WhiteElo "1214"]
[BlackElo "1333"]
[Opening "Caro-Kann: Panov-Botvinnik, Gunderam attack"]
[ECO "B13"]
[NIC "CK.02"]
[Time "20:11:11"]
[TimeControl "180+2"]

1. e4 c6 2. d4 d5 3. exd5 cxd5 4. c4 Nf6 5. c5 Nc6 6. Nf3 Bg4 7. Be2 e6 8.
h3 Bxf3 9. Bxf3 Be7 10. O-O O-O 11. a3 b6 12. b4 bxc5 13. dxc5 a5 14. Bb2
axb4 15. axb4 Rxa1 16. Bxa1 Nxb4 17. Qb3 Bxc5 18. Nd2 Qb6 19. Bxf6 gxf6 20.
Bh5 Kg7 21. Qg3+ Kh8 22. Qh4 e5 23. Bg4 Rg8 24. Bf5 Rg7 25. Nf3 e4 26. Nh2
Nd3 27. Ng4 Nf4 28. Nxf6 Rxg2+ 29. Kh1 h5 30. Nxh5 Bxf2 31. Nf6+ Bxh4 32.
Rxf4 Qg1# {White checkmated} 0-1

[Event "ICC tourney 2056 (3 2)"]
[Site "Internet Chess Club"]
[Date "2020.10.12"]
[Round "6"]
[White "Vidipkona"]
[Black "liuchess"]
[Result "0-1"]
[ICCResult "White checkmated"]
[WhiteElo "1568"]
[BlackElo "1617"]
[Opening "French: exchange variation"]
[ECO "C01"]
[NIC "FR.01"]
[Time "20:10:51"]
[TimeControl "180+2"]

1. e4 e6 2. d4 d5 3. exd5 exd5 4. Nf3 Bd6 5. Bd3 Nf6 6. O-O O-O 7. Bg5 Bg4
8. Nc3 c6 9. Be2 Nbd7 10. Qd2 Qc7 11. h3 Bh5 12. Bxf6 Nxf6 13. Ng5 Bf4 14.
Qd3 Bxg5 15. Bxh5 Nxh5 16. Qf5 Qf4 17. Qxf4 Nxf4 18. h4 Bf6 19. Rad1 Rfe8
20. Rd2 Re7 21. g3 Ne6 22. Ne2 Rae8 23. Rfd1 Nc7 24. Nf4 Re1+ 25. Kg2 Rxd1
26. Rxd1 g6 27. c3 Bg7 28. Kf3 Ne6 29. Nd3 b6 30. Kg2 f5 31. f4 Kf7 32. Re1
Nc7 33. Ne5+ Bxe5 34. fxe5 Ke6 35. Kf3 Nb5 36. a4 Nc7 37. Rh1 h5 38. Kf4 Rg8
39. Kf3 a5 40. b3 Na6 41. Kf4 c5 42. Rc1 Rc8 43. c4 dxc4 44. Rxc4 Kd5 45.
Kg5 Rc6 46. Kh6 Nb4 47. Kg7 Nd3 48. Kf7 Nf2 49. Rc2 Ne4 50. dxc5 bxc5 51.
Ke7 Kxe5 52. Re2 Rb6 53. Re3 Kd4 54. Rf3 Nd2 55. Rf4+ Ke3 56. b4 cxb4 57.
Kf7 b3 58. Kg7 b2 59. Kh6 b1=Q 60. g4 Kxf4 61. g5 Qc2 62. Kh7 Qc7+ 63. Kh6
Qd8 64. Kg7 Rb7+ 65. Kh6 Qh8+ 66. Kxg6 Qh7+ 67. Kf6 Qf7# {White checkmated}
0-1

[Event "ICC tourney 2056 (3 2)"]
[Site "Internet Chess Club"]
[Date "2020.10.12"]
[Round "6"]
[White "BillietheKid"]
[Black "ChessMonkey123"]
[Result "1-0"]
[ICCResult "Black checkmated"]
[WhiteElo "1393"]
[BlackElo "1318"]
[Opening "Giuoco Piano"]
[ECO "C54"]
[NIC "IG.02"]
[Time "20:11:42"]
[TimeControl "180+2"]

1. e4 e5 2. Nf3 Nc6 3. Bc4 Bc5 4. c3 Nf6 5. d4 exd4 6. cxd4 Bb4+ 7. Bd2 Nxe4
8. Bxb4 Nxb4 9. Qe2 d5 10. Bb3 O-O 11. O-O Bg4 12. Qe3 a5 13. a3 Nc6 14.
Nbd2 Re8 15. Qf4 Bxf3 16. Nxf3 Ne7 17. Ne5 Ng6 18. Qxf7+ Kh8 19. Nxg6+ hxg6
20. Qxg6 c6 21. Rfe1 Qe7 22. Re3 Qf8 23. Rh3+ Kg8 24. Qh7+ Kf7 25. Rf3+ Ke7
26. Rxf8 Rxf8 27. Qxg7+ Rf7 28. Qe5+ Kd7 29. f3 Nd6 30. Bxd5 cxd5 31. Qxd5
Rc8 32. Re1 Rf5 33. Qe6+ Kc6 34. Rc1+ Kb5 35. Rxc8 Nxc8 36. Qxf5+ Ka6 37.
Qxc8 Ka7 38. d5 b6 39. Qc7+ Ka6 40. Qc6 a4 41. d6 Ka5 42. d7 Ka6 43. d8=Q
Ka7 44. Qda8# {Black checkmated} 1-0

[Event "ICC tourney 2056 (3 2)"]
[Site "Internet Chess Club"]
[Date "2020.10.12"]
[Round "6"]
[White "Rook99"]
[Black "chief2006"]
[Result "1-0"]
[ICCResult "Black forfeits on time"]
[WhiteElo "1364"]
[BlackElo "1276"]
[Opening "English opening"]
[ECO "A13"]
[NIC "EO.64"]
[Time "20:10:53"]
[TimeControl "180+2"]

1. c4 e6 2. g3 d5 3. cxd5 exd5 4. Bg2 Nf6 5. e3 Bd6 6. Nc3 c6 7. b3 O-O 8.
Bb2 Be6 9. Nge2 Nbd7 10. O-O Nc5 11. d4 Nce4 12. Nf4 Bxf4 13. exf4 Bf5 14.
Re1 Re8 15. Nxe4 Nxe4 16. f3 Nf6 17. Rxe8+ Qxe8 18. Qe1 Bd7 19. Ba3 Qxe1+
20. Rxe1 Re8 21. Rxe8+ Nxe8 22. Bc5 a6 23. Bb6 Nd6 24. a4 Bf5 25. a5 Bc2 26.
b4 Nc4 27. Bf1 Nxb6 28. axb6 Kf8 29. Kf2 Ke7 30. Ke3 Kd6 31. Bd3 Bxd3 32.
Kxd3 Ke6 33. g4 h6 34. h4 g6 35. Ke3 f5 36. g5 h5 37. Kd3 c5 38. dxc5 Kd7
39. Kd4 Kc6 40. Ke5 {Black forfeits on time} 1-0

[Event "ICC tourney 2056 (3 2)"]
[Site "Internet Chess Club"]
[Date "2020.10.12"]
[Round "6"]
[White "StevChess01"]
[Black "kushagra12"]
[Result "1-0"]
[ICCResult "Black forfeits on time"]
[WhiteElo "1390"]
[BlackElo "1349"]
[Opening "Nimzo-Indian: Kmoch variation"]
[ECO "E20"]
[NIC "NI.30"]
[Time "20:10:51"]
[TimeControl "180+2"]

1. d4 Nf6 2. c4 e6 3. Nc3 Bb4 4. f3 d5 5. a3 Bxc3+ 6. bxc3 dxc4 7. e4 O-O 8.
Bxc4 c6 9. Ne2 Qa5 10. Bd2 b5 11. Bd3 Qb6 12. O-O Bb7 13. Ng3 c5 14. Be3 c4
15. Bb1 Nc6 16. Qc2 g6 17. Bg5 Nxd4 18. cxd4 Qxd4+ 19. Kh1 Qxa1 20. Ba2 Qe5
21. f4 Qd4 22. Rd1 Bxe4 23. Rxd4 Bxc2 24. Bxf6 Bf5 25. Nxf5 exf5 26. Kg1
Rfe8 27. Kf2 Re6 28. Be5 f6 29. Bd6 Rae8 30. Rd2 Rd8 31. Bb4 Rxd2+ 32. Bxd2
Kg7 33. Bb1 Rc6 34. Bc3 Ra6 35. Bb4 c3 36. Bc2 Rc6 37. Ke3 Rc4 38. Kd3 Rxf4
39. Kxc3 Rf2 40. Bc5 Rxg2 41. Bxa7 Rxh2 42. Bd3 Rh3 43. Kd4
{Black forfeits on time}
1-0

[Event "ICC tourney 2056 (3 2)"]
[Site "Internet Chess Club"]
[Date "2020.10.12"]
[Round "6"]
[White "pawnsacrifice5"]
[Black "hackerguru"]
[Result "0-1"]
[ICCResult "White checkmated"]
[WhiteElo "1959"]
[BlackElo "1541"]
[Opening "Queen's Indian: old main line, 7.Nc3"]
[ECO "E18"]
[NIC "QI.09"]
[Time "20:10:52"]
[TimeControl "180+2"]

1. Nf3 Nf6 2. c4 e6 3. g3 b6 4. Bg2 Bb7 5. O-O Be7 6. d4 O-O 7. Nc3 d6 8.
Re1 c5 9. e4 cxd4 10. Nxd4 Qc8 11. b3 Rd8 12. Bb2 Nbd7 13. h3 a6 14. Kh2 Ne5
15. Rc1 Qd7 16. f4 Nc6 17. Nxc6 Bxc6 18. Qe2 e5 19. Nd5 exf4 20. gxf4 Bxd5
21. cxd5 g6 22. Red1 Nh5 23. Qf3 Bh4 24. e5 Bg3+ 25. Kh1 Bxf4 26. e6 Qe7 27.
Rc4 Qg5 28. exf7+ Kf8 29. Qg4 Ng3+ 30. Kg1 Qxg4 31. hxg4 g5 32. Rc6 Rd7 33.
Ba3 Kxf7 34. Re1 Re8 35. Rxe8 Kxe8 36. Kf2 Kf7 37. Rxb6 Re7 38. Rxa6 Re2+
39. Kg1 Rxa2 40. Ra7+ Kg6 41. Bc5 Ne2+ 42. Kf1 Ng3+ 43. Kg1 Rc2 44. Bf2 Rc1+
45. Kh2 Ne4+ 46. Bg3 Nxg3 47. Ra8 Ne2+ 48. Kh3 Ng1# {White checkmated} 0-1

[Event "ICC tourney 2056 (3 2)"]
[Site "Internet Chess Club"]
[Date "2020.10.12"]
[Round "6"]
[White "saisiva765"]
[Black "Tombstone"]
[Result "1-0"]
[ICCResult "Black checkmated"]
[WhiteElo "1700"]
[BlackElo "1647"]
[Opening "Queen's pawn, Mason variation"]
[ECO "D00"]
[NIC "QP.08"]
[Time "20:12:02"]
[TimeControl "180+2"]

1. d4 d5 2. Bf4 Nf6 3. e3 c5 4. Nf3 e6 5. c3 Nc6 6. Nbd2 Bd6 7. Bg3 O-O 8.
Bd3 b6 9. e4 dxe4 10. Nxe4 Nxe4 11. Bxe4 Bb7 12. dxc5 Bxc5 13. Qa4 Na5 14.
Rd1 Qe7 15. Rd7 Qe8 16. Bxb7 Nxb7 17. O-O Rd8 18. Rfd1 Rxd7 19. Qxd7 Qxd7
20. Rxd7 Rd8 21. Ne5 Rxd7 22. Nxd7 Bd6 23. Bxd6 Nxd6 24. Ne5 f6 25. Nc6 Nc8
26. Kf1 Kf8 27. Ke2 Ke8 28. b4 Kd7 29. Nd4 Nd6 30. Kd3 b5 31. Nb3 Kc6 32.
Nc5 e5 33. Ne6 Ne8 34. c4 bxc4+ 35. Kxc4 Kd6 36. Nc5 Nc7 37. a4 Na8 38. a5
Nc7 39. b5 Na8 40. f3 g6 41. Ne4+ Ke6 42. Kc5 h6 43. Kc6 f5 44. Nc5+ Ke7 45.
Kb7 Kd8 46. Kxa8 Kc8 47. b6 axb6 48. axb6 e4 49. fxe4 fxe4 50. Nxe4 g5 51.
b7+ Kd7 52. b8=Q Ke6 53. Qd6+ Kf5 54. Qxh6 Kxe4 55. Qxg5 Kd3 56. h4 Ke2 57.
h5 Kf1 58. h6 Kg1 59. h7 Kf1 60. h8=Q Kg1 61. Qhg7 Kh2 62. Qh4+ Kg1 63. Qa1+
Kxg2 64. Qb2+ Kf3 65. Qc3+ Ke2 66. Qh2+ Kd1 67. Qcd2# {Black checkmated} 1-0

[Event "ICC tourney 2056 (3 2)"]
[Site "Internet Chess Club"]
[Date "2020.10.12"]
[Round "6"]
[White "chessrex"]
[Black "shanmukha123"]
[Result "0-1"]
[ICCResult "White checkmated"]
[WhiteElo "1883"]
[BlackElo "1686"]
[Opening "Caro-Kann defense"]
[ECO "B15"]
[NIC "CK.05"]
[Time "20:11:42"]
[TimeControl "180+2"]

1. d4 c6 2. e4 d5 3. Nc3 dxe4 4. Bc4 Bf5 5. f3 exf3 6. Nxf3 e6 7. O-O Nf6 8.
Ne5 Bg6 9. g4 Nbd7 10. Nxg6 hxg6 11. g5 Nd5 12. Qf3 f5 13. gxf6 gxf6 14. Qe4
Kf7 15. Bd3 f5 16. Qf3 Qh4 17. Rf2 Bd6 18. Qg2 Qxd4 19. Nxd5 cxd5 20. Kf1
Rxh2 21. Qf3 Rxf2+ 22. Qxf2 Qxf2+ 23. Kxf2 Nf6 24. Be3 Ng4+ 25. Kf3 e5 26.
Bb5 d4 27. Bg5 Rh8 28. Bc4+ Kg7 29. Rg1 e4+ 30. Ke2 Rh2+ 31. Kd1 Rh5 32. Bd2
Rh1 33. Rxh1 Nf2+ 34. Ke2 Nxh1 35. Bd5 Ng3+ 36. Ke1 f4 37. Bxb7 f3 38. Ba6
e3 39. Ba5 f2+ 40. Kd1 f1=Q+ 41. Bxf1 Nxf1 42. Ke2 Ng3+ 43. Kf3 e2 44. Be1
Kf6 45. Bf2 Kf5 46. Be1 g5 47. Kf2 g4 48. c3 Ke4 49. cxd4 Kxd4 50. Bc3+ Kd3
51. Ke1 Ne4 52. Ba5 Bg3# {White checkmated} 0-1

[Event "ICC tourney 2056 (3 2)"]
[Site "Internet Chess Club"]
[Date "2020.10.12"]
[Round "6"]
[White "Alec-hine"]
[Black "garfield92037"]
[Result "0-1"]
[ICCResult "White resigns"]
[WhiteElo "1673"]
[BlackElo "1373"]
[Opening "QGD: Chigorin defense"]
[ECO "D07"]
[NIC "QP.08"]
[Time "20:10:55"]
[TimeControl "180+2"]

1. d4 d5 2. c4 Nc6 3. cxd5 Qxd5 4. Nf3 e5 5. Nc3 Bb4 6. Bd2 Bxc3 7. Bxc3 e4
8. Ne5 Nxe5 9. dxe5 Qxd1+ 10. Rxd1 Be6 11. b3 Ne7 12. e3 Nd5 13. Bd2 O-O-O
14. Bc4 Rd7 15. f4 Rhd8 16. h3 Nxe3 17. Bxe6 Nxg2+ 18. Ke2 fxe6 19. Bc1 Rxd1
20. Rxd1 Rd5 21. Rg1 Rc5 22. Bd2 Nh4 23. Rxg7 Rc2 24. Rxh7 Nf3 25. Rh8+ Kd7
26. Rh7+ Kc6 27. Ke3 Rxd2 28. Kxe4 Nd4 29. h4 Nf5 30. h5 Rh2 31. Kf3 Rh4 32.
Rh8 Rh3+ 33. Ke2 Rxh5 34. Re8 Rh6 35. Kd3 Rg6 36. a4 Rg3+ 37. Kc4 Ne3+ 38.
Kd4 Nf5+ 39. Kc4 Rg6 40. b4 a6 41. Rd8 Rg4 42. b5+ axb5+ 43. axb5+ Kb6 44.
Re8 Rxf4+ 45. Kb3 Kxb5 46. Rxe6 Nd4+ {White resigns} 0-1

[Event "ICC tourney 2056 (3 2)"]
[Site "Internet Chess Club"]
[Date "2020.10.12"]
[Round "6"]
[White "saikanth"]
[Black "Laxman90"]
[Result "1-0"]
[ICCResult "Black forfeits on time"]
[WhiteElo "1468"]
[BlackElo "1490"]
[Opening "Queen's pawn, Mason variation"]
[ECO "D00"]
[NIC "QP.08"]
[Time "20:10:53"]
[TimeControl "180+2"]

1. d4 d5 2. Bf4 Nf6 3. e3 g6 4. Bd3 Bg7 5. Nf3 Nbd7 6. h3 O-O 7. Nbd2 c5 8.
c3 a6 9. O-O b5 10. Ne5 Bb7 11. Bh2 Ne4 12. f4 Rc8 13. Rc1 f6 14. Nef3 f5
15. Ne5 Nxe5 16. fxe5 e6 17. Qe2 Qb6 18. Kh1 Bh6 19. Bxe4 dxe4 20. Bf4 Bg7
21. Nb3 c4 22. Nc5 Rxc5 23. dxc5 Qxc5 24. Rcd1 Bd5 25. Rd4 Qc7 26. Qd2 Bxe5
27. Rxd5 Bxf4 28. Rd7 Bxe3 29. Rxc7 Bxd2 30. Rc6 Re8 31. Kg1 Be3+ 32. Kh2 f4
33. g3 e5 34. gxf4 exf4 35. Kg2 f3+ 36. Kg3 Re5 37. h4 Kf7 38. Rd6 Bc5 39.
Rd7+ Kf6 40. Rxh7 Rd5 41. Kf4 e3 42. Kxf3 Rd2 43. Ke4+ Ke6 44. Re1 Rxb2 45.
Rh6 Kf6 46. h5 Rxa2 47. Rxg6+ Kf7 48. Rf1+ Ke7 49. Rg7+ Ke6 50. Rg6+ Ke7 51.
h6 Rh2 52. Rg7+ Ke6 53. Rg6+ Ke7 54. Rg7+ Ke6 55. Rg6+ Ke7 56. Re1 e2 57.
Kf3 {Black forfeits on time} 1-0

[Event "ICC tourney 2056 (3 2)"]
[Site "Internet Chess Club"]
[Date "2020.10.12"]
[Round "6"]
[White "cjcardoso"]
[Black "NSXchessplayer"]
[Result "1/2-1/2"]
[ICCResult "Game drawn by mutual agreement"]
[WhiteElo "1437"]
[BlackElo "1396"]
[Opening "Three knights game"]
[ECO "C46"]
[NIC "KP.06"]
[Time "20:10:54"]
[TimeControl "180+2"]

1. e4 e5 2. Nf3 Nc6 3. Nc3 Bc5 4. Nxe5 Nxe5 5. d4 Bd6 6. dxe5 Bxe5 7. f4 Bf6
8. e5 Be7 9. Bd3 d6 10. exd6 Qxd6 11. Qe2 Nf6 12. Be3 c6 13. O-O-O Qc7 14.
h3 Be6 15. f5 Bd5 16. Nxd5 Nxd5 17. Bd2 O-O-O 18. Rhe1 Rhe8 19. Qg4 Bf6 20.
Bc4 Qb6 21. Bb3 Ne3 22. Bxe3 Rxd1+ 23. Qxd1 Rxe3 24. Qd2 Rxe1+ 25. Qxe1 Kd7
26. Qd1+ Kc7 27. c3 Bg5+ 28. Kb1 Qe3 29. Bxf7 Qe4+ 30. Ka1 Qxf5 31. Bb3 Qf4
32. Bc2 h5 33. a3 Qc1+ 34. Qxc1 Bxc1 35. Kb1 Bf4 36. Be4 g5 37. Bf3 h4 38.
Bg4 Kd6 39. Kc2 c5 40. Kd3 Kd5 41. b3 b6 42. Bf3+ Ke5 43. c4 a5 44. a4 Bc1
45. Bg4 Kf4 46. Bf3 Be3 47. Ke2 Bd4 48. Kd3 Ke5 49. Ke2 Bg1 50. Kd3 Bh2 51.
Kc2 Kd4 52. Bg4 Bf4 53. Bf3 Ke3 54. Bd5 Kf2 55. Bf3 Kg3 56. Bd5 g4 57. hxg4
Kxg4 58. Bf3+ Kf5 59. Kd3 Ke5 60. Bd5 Bg3 61. Bf3 Bf4 62. Bd5 Bg3 63. Bf3
Bf2 64. Bd5 Bd4 65. Bf3 Kf4 66. Bc6 Kg4 67. Ke2 Kg3 68. Bd5 h3 69. gxh3 Kxh3
70. Kf3 Kh4 71. Kf4 Kh5 72. Kf5 Kh6 73. Ke6 Kg5 74. Kd6 Kf4 75. Kc6 Ke5 76.
Kxb6 Kd6 77. Kb5 Bc3 78. Bf7 Bb4 79. Bd5 Kc7 80. Bf7 Kd6 81. Ka6 Kc7 82. Kb5
Kd6 83. Ka6 Kc7 84. Bd5 Kd6 85. Kb5 Ke5 86. Kc6 Kd4 87. Kb7 Kc3 88. Bc6 Kxb3
89. Bb5 Ka3 90. Kc6 Kb3 91. Kd5 Kc3 92. Ke5 Kd3 93. Kf5 Kd4 94. Ke6 Ba3 95.
Kd6 Bb4 96. Kc6 Ke5 97. Kb6 Kd6 98. Kb7 Bc3 99. Kb6 Bb4 100. Kb7 Ba3 101.
Kb6 Bb4 102. Kb7 Ke5 103. Kc6 Kd4 104. Kb6 Kc3 105. Ka6 Kb3 106. Kb6 Ka3
107. Kc6 Kb3 108. Kb6 Kc3 109. Kc6 Kd4 110. Kb6 Ke5 111. Kc6 Ke6 112. Kc7
Ke7 113. Kc6 Kd8 114. Kd6 Kc8 115. Kc6 Kb8 116. Kb6 Ka8 117. Ka6 Kb8 118.
Kb6 Kc8 119. Kc6 Kb8 120. Kb6 Ka8 121. Kc7 Ka7 122. Kc6 Ba3 123. Kc7 Bb4
124. Kc6 {Game drawn by mutual agreement} 1/2-1/2